 Dungeon Crawl Stone Soup version 0.22.1 (webtiles) character file.

2763 Riddle the Fighter (level 9, -19/84 HPs)
             Began as a Gnoll Wanderer on Sept 19, 2018.
             Was a Priest of Uskayaw.
             Demolished by a large slime creature (33 damage)
             ... on level 8 of the Dungeon.
             The game lasted 00:23:16 (8769 turns).

Riddle the Fighter (Gnoll Wanderer)                 Turns: 8769, Time: 00:23:17

Health: -19/84     AC: 14    Str: 16    XL:     9   Next: 69%
Magic:  15/15      EV:  9    Int: 16    God:    Uskayaw [***...]
Gold:   390        SH: 10    Dex: 18    Spells: 16/16 levels left

rFire    . . .     SeeInvis .   G - +0 broad axe
rCold    . . .     Gourm    .   o - +0 shield
rNeg     . . .     Faith    .   g - +0 chain mail
rPois    .         Spirit   .   D - +0 helmet
rElec    .         Reflect  .   w - +2 cloak
rCorr    .         Harm     .   (no gloves)
MR       .....                  (no boots)
Stlth    ..........             (no amulet)
HPRegen  0.24/turn              h - +2 ring of evasion
MPRegen  0.14/turn              L - +3 ring of dexterity

@: no status effects
A: distributed training, fangs 1, strong nose
a: Stomp, Line Pass, Renounce Religion


You were on level 8 of the Dungeon.
You worshipped Uskayaw.
Uskayaw was noncommittal.
You were not hungry.

You visited 1 branch of the dungeon, and saw 8 of its levels.

You collected 390 gold pieces.

Inventory:

Hand Weapons
 a - a +2 quarterstaff
 r - a +3 trident
 G - a +0 broad axe (weapon)
Armour
 g - a +0 chain mail (worn)
 o - a +0 shield (worn)
 v - a +0 ring mail of cold resistance
 w - a +2 cloak (worn)
 D - a +0 helmet (worn)
 N - a +0 plate armour
Jewellery
 e - an uncursed ring of flight
 h - a +2 ring of evasion (left hand)
 t - an uncursed ring of attention
 y - a +5 ring of intelligence
 C - an uncursed ring of magical power
 L - a +3 ring of dexterity (right hand)
 O - a +1 ring of protection
Wands
 s - a wand of disintegration (12)
 A - a wand of random effects (47)
 E - a wand of paralysis (5)
 F - a wand of polymorph (26)
 I - a wand of iceblast (11)
 K - a wand of scattershot (3)
Scrolls
 f - 2 scrolls of remove curse
 m - 3 scrolls of blinking
 n - 2 scrolls of fear
 u - 2 scrolls of teleportation
 x - a scroll of amnesia
 H - 2 scrolls of identify
 J - a scroll of random uselessness {unknown}
Potions
 b - 2 potions of lignification
 c - a potion of cancellation {unknown}
 i - a potion of ambrosia {unknown}
 j - 7 potions of heal wounds {unknown}
 k - a potion of might {unknown}
 l - a potion of flight {unknown}
 p - a potion of agility {unknown}
 q - 9 potions of curing {unknown}
 z - 3 potions of berserk rage {unknown}
 B - 2 potions of haste {unknown}
Comestibles
 d - 11 rations


   Skills:
 + Level 12.7 Fighting
 + Level 4.4 Short Blades
 + Level 4.4 Long Blades
 + Level 4.4 Axes
 + Level 4.4 Maces & Flails
 + Level 4.4 Polearms
 + Level 5.2 Staves
 + Level 4.4 Slings
 + Level 4.4 Bows
 + Level 5.2 Crossbows
 + Level 5.2 Throwing
 + Level 4.4 Armour
 + Level 4.4 Dodging
 + Level 4.4 Stealth
 + Level 4.4 Shields
 + Level 4.4 Unarmed Combat
 + Level 4.4 Spellcasting
 + Level 3.6 Conjurations
 + Level 3.6 Hexes
 + Level 3.6 Charms
 + Level 3.6 Summonings
 + Level 3.6 Necromancy
 + Level 3.6 Translocations
 + Level 3.6 Transmutations
 + Level 3.6 Fire Magic
 + Level 3.6 Ice Magic
 + Level 3.6 Air Magic
 + Level 3.6 Earth Magic
 + Level 3.6 Poison Magic
 + Level 4.8 Invocations
 + Level 5.2 Evocations


You had 16 spell levels left.
You didn't know any spells.
Your spell library contained the following spells:

 Spells                   Type           Power        Failure   Level  Hunger
 Beastly Appendage        Tmut           ###...       93%         1    None
 Sticks to Snakes         Tmut           ###.....     98%         2    ##.....
 Spider Form              Tmut/Pois      ###.......   100%        3    ###....
 Ice Form                 Ice/Tmut       ###.....     100%        4    ####...
 Blade Hands              Tmut           ###.......   100%        5    ######.


Dungeon Overview and Level Annotations

Branches:
Dungeon (8/15)             Temple (0/1) D:4
   Lair: D:8-11

Altars:
Dithmenos
Hepliaklqana
Qazlal
Sif Muna
Trog
Uskayaw
Vehumet
Wu Jian
Zin

Shops:
D:7 %


Innate Abilities, Weirdness & Mutations

Your experience applies equally to all skills.
You have very sharp teeth.
Your uncanny sense of smell can sniff out nearby items.


Message History

The large slime creature hits you!
* * * LOW HITPOINT WARNING * * *
The large slime creature barely misses you.
Uskayaw will force your foes to helplessly watch your dance.
Uskayaw prepares the audience for your solo!
The helpless large slime creature fails to defend itself.
You slice the large slime creature!! You bite the large slime creature.
The large slime creature is moderately wounded.
The helpless large slime creature fails to defend itself.
You hit the large slime creature.
You bite the large slime creature, but do no damage.
The large slime creature is moderately wounded.
The large slime creature is no longer paralysed.
The ooze is no longer paralysed.
You block the large slime creature's attack.
The large slime creature hits you but does no damage.
You hit the large slime creature.
The large slime creature is moderately wounded.
The large slime creature hits you!!
You die...

.............############
.......#######
......########## #∆∆∆
...)..###......##'
((....##.......#.#
......'........#.#
......'........#J#
......'......#'#J#
......##.....#.#@#
......###....#.#.#
...)###########.## ∆
.>))...# ### #..###.##
..## ##.## .## #..# ##
##.## ##.#


You could see a large slime creature and an ooze.

Vanquished Creatures
  Eustachio (D:5)
  A steam dragon (D:8)
  An orc warrior (D:7)
  A black bear (D:8)
  A phantom (D:8)
  A sky beast (D:5)
  An ice beast (D:7)
  3 ogres
  2 centaurs
  3 big kobolds (D:8)
  5 bullfrogs
  4 howler monkeys
  A crimson imp (D:7)
  A centaur zombie (D:7)
  A quasit (D:7)
  2 orc priests
  2 hounds
  2 jellies (D:8)
  7 orc wizards
  2 iguanas
  4 worker ants
  A hound skeleton (D:8)
  A hound zombie (D:8)
  6 adders
  4 gnolls (D:7)
  3 shadow imps
  6 oozes
  An adder skeleton (D:7)
  3 worms (D:2)
  4 dart slugs
  A leopard gecko (D:4)
  24 orcs
  7 giant cockroaches
  6 goblins
  6 hobgoblins
  12 jackals
  10 kobolds
  5 quokkas
  2 ball pythons (D:1)
  19 bats
  6 frilled lizards
  A leopard gecko skeleton (D:6)
  A quokka zombie (D:7)
  10 rats
185 creatures vanquished.

Vanquished Creatures (others)
  9 fungi (D:8)
  7 toadstools (D:8)
16 creatures vanquished.

Grand Total: 201 creatures vanquished

Notes
Turn   | Place    | Note
-------+----------+-------------------------------------------
     0 | D:1      | Reached skill level 12 in Fighting
     0 | D:1      | Riddle the Gnoll Wanderer began the quest for the Orb.
     0 | D:1      | Riddle set off with: a +2 quarterstaff, 2 potions of
                  | lignification, a +0 robe, a ration
     0 | D:1      | Reached XP level 1. HP: 31/31 MP: 2/2
   180 | D:1      | Reached XP level 2. HP: 34/38 MP: 3/3
   622 | D:1      | Reached XP level 3. HP: 41/44 MP: 4/4
   973 | D:2      | Reached skill level 1 in Invocations
  1153 | D:2      | Reached skill level 1 in Short Blades
  1153 | D:2      | Reached skill level 1 in Long Blades
  1153 | D:2      | Reached skill level 1 in Axes
  1153 | D:2      | Reached skill level 1 in Maces & Flails
  1153 | D:2      | Reached skill level 1 in Polearms
  1153 | D:2      | Reached skill level 1 in Slings
  1153 | D:2      | Reached skill level 1 in Bows
  1153 | D:2      | Reached skill level 1 in Armour
  1153 | D:2      | Reached skill level 1 in Dodging
  1153 | D:2      | Reached skill level 1 in Stealth
  1153 | D:2      | Reached skill level 1 in Shields
  1153 | D:2      | Reached skill level 1 in Unarmed Combat
  1153 | D:2      | Reached skill level 1 in Spellcasting
  1160 | D:2      | Reached XP level 4. HP: 51/51 MP: 4/6
  1670 | D:3      | Found a radiant altar of Vehumet.
  1779 | D:3      | Found a bloodstained altar of Trog.
  1820 | D:3      | Found a hide-covered altar of Uskayaw.
  1829 | D:3      | Reached skill level 1 in Conjurations
  1829 | D:3      | Reached skill level 1 in Hexes
  1829 | D:3      | Reached skill level 1 in Charms
  1829 | D:3      | Reached skill level 1 in Summonings
  1829 | D:3      | Reached skill level 1 in Necromancy
  1829 | D:3      | Reached skill level 1 in Translocations
  1829 | D:3      | Reached skill level 1 in Transmutations
  1829 | D:3      | Reached skill level 1 in Fire Magic
  1829 | D:3      | Reached skill level 1 in Ice Magic
  1829 | D:3      | Reached skill level 1 in Air Magic
  1829 | D:3      | Reached skill level 1 in Earth Magic
  1829 | D:3      | Reached skill level 1 in Poison Magic
  1848 | D:3      | Became a worshipper of Uskayaw the Reveler
  1890 | D:3      | Reached * piety under Uskayaw
  1908 | D:3      | Reached ** piety under Uskayaw
  2496 | D:4      | Reached XP level 5. HP: 41/57 MP: 7/7
  2734 | D:4      | Found a deep blue altar of Sif Muna.
  2743 | D:4      | Reached XP level 6. HP: 64/64 MP: 8/8
  2873 | D:4      | Reached *** piety under Uskayaw
  2877 | D:4      | Reached **** piety under Uskayaw
  2879 | D:4      | Reached ***** piety under Uskayaw
  3717 | D:4      | Reached XP level 7. HP: 28/70 MP: 10/10
  4266 | D:4      | Found a staircase to the Ecumenical Temple.
  4657 | D:5      | Entered Level 5 of the Dungeon
  4891 | D:5      | Found a glowing silver altar of Zin.
  4891 | D:5      | Found a hazy altar of Hepliaklqana.
  4895 | D:5      | Found a bloodstained altar of Trog.
  4895 | D:5      | Found an ornate altar of the Wu Jian Council.
  4934 | D:5      | Found a stormy altar of Qazlal.
  4956 | D:5      | Noticed Eustachio
  4985 | D:5      | Killed Eustachio
  5414 | D:5      | Reached XP level 8. HP: 73/77 MP: 12/12
  6043 | D:6      | Found a shadowy altar of Dithmenos.
  6854 | D:7      | Found Alui's Food Boutique.
  7437 | D:7      | Reached XP level 9. HP: 59/83 MP: 14/14
  8387 | D:8      | Reached skill level 5 in Staves
  8387 | D:8      | Reached skill level 5 in Crossbows
  8387 | D:8      | Reached skill level 5 in Throwing
  8387 | D:8      | Reached skill level 5 in Evocations
  8769 | D:8      | Demolished by a large slime creature

Skill      XL: |  1  2  3  4  5  6  7  8  9 |
---------------+----------------------------+-----
Fighting       | | 12.7
Invocations    | 1 2 3 4 |  4.8
Short Blades   | 1 2 3 4 |  4.4
Long Blades    | 1 2 3 4 |  4.4
Axes           | 1 2 3 4 |  4.4
Maces & Flails | 1 2 3 4 |  4.4
Polearms       | 1 2 3 4 |  4.4
Slings         | 1 2 3 4 |  4.4
Bows           | 1 2 3 4 |  4.4
Armour         | 1 2 3 4 |  4.4
Dodging        | 1 2 3 4 |  4.4
Stealth        | 1 2 3 4 |  4.4
Shields        | 1 2 3 4 |  4.4
Unarmed Combat | 1 2 3 4 |  4.4
Spellcasting   | 1 2 3 4 |  4.4
Conjurations   | 1 2 3 |  3.6
Hexes          | 1 2 3 |  3.6
Charms         | 1 2 3 |  3.6
Summonings     | 1 2 3 |  3.6
Necromancy     | 1 2 3 |  3.6
Translocations | 1 2 3 |  3.6
Transmutations | 1 2 3 |  3.6
Fire Magic     | 1 2 3 |  3.6
Ice Magic      | 1 2 3 |  3.6
Air Magic      | 1 2 3 |  3.6
Earth Magic    | 1 2 3 |  3.6
Poison Magic   | 1 2 3 |  3.6
Staves         | 3 4 5 |  5.2
Crossbows      | 3 4 5 |  5.2
Throwing       | 3 4 5 |  5.2
Evocations     | 3 4 5 |  5.2

Action                   |  1- 3 |  4- 6 |  7- 9 || total
-------------------------+-------+-------+-------++-------
Melee: Quarterstaff      |    86 |   108 |       ||   194
       Bite              |     6 |    11 |    47 ||    64
       War axe           |       |    52 |   128 ||   180
       Broad axe         |       |       |   217 ||   217
Invok: Line Pass         |       |       |     1 ||     1
 Abil: Evoke Flight      |     1 |       |     1 ||     2
  Use: Scroll            |     1 |     4 |    11 ||    16
 Stab: Sleeping          |     3 |     1 |       ||     4
       Paralysed         |       |     4 |    16 ||    20
  Eat: Chunk             |     1 |     6 |    16 ||    23
       Ration            |       |     1 |       ||     1
Armor: Robe              |    11 |       |       ||    11
       Ring mail         |    27 |    76 |       ||   103
       Chain mail        |       |     6 |   226 ||   232
Dodge: Dodged            |    50 |    97 |   133 ||   280
Block: Shield            |       |    25 |   209 ||   234
